 Dungeon Crawl Stone Soup version 0.21.0-3-g78d12a8 (webtiles) character file.

121 Mgcat the Cudgeler (level 4, 0/30 HPs)
             Began as a Demonspawn Wanderer on Jan 12, 2018.
             Was an Initiate of Cheibriados.
             Killed from afar by an orc wizard (11 damage)
             ... with a puff of frost
             ... on level 3 of the Dungeon on Jan 13, 2018.
             The game lasted 00:14:31 (2542 turns).

Mgcat the Cudgeler (Demonspawn Wanderer)            Turns: 2542, Time: 00:14:32

Health: 0/30       AC:  6    Str: 11    XL:     4   Next: 76%
Magic:  0/8        EV: 11    Int: 18    God:    Cheibriados [......]
Gold:   152        SH:  0    Dex: 13    Spells: 5/9 levels left

rFire    . . .     SeeInvis .   a - +2 mace
rCold    . . .     Gourm    +   (no shield)
rNeg     . . .     Faith    .   d - +0 robe
rPois    .         Spirit   .   (no helmet)
rElec    .         Reflect  .   (no cloak)
rCorr    .         Harm     .   (no gloves)
MR       .....                  (no boots)
Stlth    +.........             y - amulet of the gourmand
HPRegen  0.10/turn              n - +4 ring of protection
MPRegen  0.11/turn              j - ring of wizardry

@: very slow
A: claws 2
a: Bend Time, Renounce Religion


You were on level 3 of the Dungeon.
You worshipped Cheibriados.
Cheibriados was noncommittal.
You were not hungry.

You visited 1 branch of the dungeon, and saw 3 of its levels.

You collected 152 gold pieces.

Inventory:

Hand Weapons
 a - a +2 mace (weapon)
 o - a +1 dagger of speed
 q - a +1 vampiric whip
Armour
 d - a +0 robe (worn)
Jewellery
 g - a +1 ring of protection
 h - an uncursed ring of protection from fire
 j - a ring of wizardry (right claw)
 k - an uncursed ring of protection from cold
 n - a +4 ring of protection (left claw)
 y - an amulet of the gourmand (around neck)
Scrolls
 e - a scroll of fog {unknown}
 l - 3 scrolls of remove curse {unknown}
 p - 2 scrolls of teleportation {unknown}
 r - a scroll of identify {unknown}
 s - a scroll of blinking {unknown}
 t - 2 scrolls of noise {unknown}
 v - 2 scrolls of amnesia {unknown}
Potions
 c - 2 potions of curing
 i - a potion of haste {unknown}
 m - a potion of brilliance {unknown}
 u - 3 potions of heal wounds {unknown}
 w - a potion of lignification {unknown}
 x - a potion of degeneration {unknown}
 A - a potion of flight {unknown}
Books
 b - the Reference Book on Venom

   Spells                             Type                      Level
   a - Sting                          Conjuration/Poison           1
   b - Spider Form                    Transmutation/Poison         3
Comestibles
 f - 3 rations


   Skills:
 - Level 3.7 Maces & Flails
 - Level 1.0 Throwing
 - Level 1.0 Armour
 + Level 3.0 Spellcasting
   Level 2.0 Hexes
 + Level 3.0 Poison Magic
   Level 1.0 Evocations


You had 5 spell levels left.
You knew the following spells:

 Your Spells              Type           Power        Failure   Level  Hunger
a - Sting                 Conj/Pois      #...         3%          1    None
b - Spider Form           Tmut/Pois      #.........   11%         3    ###....


Dungeon Overview and Level Annotations

Branches:
Dungeon (3/15)

Altars:
Cheibriados
Kikubaaqudgha
Ru

Annotations:
D:2 1 runed door


Innate Abilities, Weirdness & Mutations

You have very sharp fingernails.


Message History

Casting: Sting
Confirm with . or Enter, or press ? or * to list all spells.
Aiming: Sting
Press: ? - help, Shift-Dir - straight line, f - orc
Aim: an orc, wearing a scale mail The sting hits something.
Something hits you but does no damage.
Casting: Sting
Confirm with . or Enter, or press ? or * to list all spells.
You don't have enough magic to cast that spell.
You miss something. Something hits you. Something hits you but does no damage.
You miss something.
You hear some strange, mumbled words.
A puff of frost appears from out of thin air!
The puff of frost hits you!
A leopard gecko comes into view.
You barely miss something.
You hear some strange, mumbled words.
A puff of frost appears from out of thin air!
The puff of frost hits you!
You die...

#.###.#.#.###.#
....#.#..##
#.#......#
#........##
#####.....###.#
##...#....#
##.......#
#.####### #@#
##{## ##oo.##
##.....##
#.......##
#........l####...
+.........'......
#.....(...####...
##.......##


You could see 2 orcs and a leopard gecko (wandering).

Vanquished Creatures
  An orc wizard (D:3)
  An adder (D:2)
  3 gnolls (D:2)
  3 worms
  A dart slug (D:1)
  An orc (D:3)
  A ball python (D:3)
  9 bats
  2 giant cockroaches
  2 goblins (D:2)
  4 hobgoblins
  2 jackals
  A quokka (D:3)
  3 frilled lizards
  6 kobolds
  4 rats
44 creatures vanquished.

Notes
Turn   | Place    | Note
-------+----------+-------------------------------------------
     0 | D:1      | Mgcat the Demonspawn Wanderer began the quest for the Orb.
     0 | D:1      | Mgcat set off with: a +2 mace, the Reference Book on Venom, a potion of curing, a +0 robe, a ration
     0 | D:1      | Reached XP level 1. HP: 13/13 MP: 2/2
     2 | D:1      | Identified the Reference Book on Venom
     4 | D:1      | Learned a level 1 spell: Sting
   368 | D:1      | Gained mutation: You have sharp fingernails. [demonic ancestry]
   368 | D:1      | Reached XP level 2. HP: 15/19 MP: 4/4
   510 | D:1      | Reached skill level 1 in Poison Magic
  1231 | D:2      | Reached XP level 3. HP: 24/24 MP: 2/5
  1236 | D:2      | Learned a level 3 spell: Spider Form
  1404 | D:2      | Found a snail-covered altar of Cheibriados.
  1426 | D:2      | Found a runed door.
  1448 | D:2      | Became a worshipper of Cheibriados the Contemplative
  1690 | D:2      | Gained mutation: You have very sharp fingernails. [demonic ancestry]
  1690 | D:2      | Reached XP level 4. HP: 19/30 MP: 0/7
  1824 | D:2      | Found a sacrificial altar of Ru.
  2095 | D:3      | Found an ancient bone altar of Kikubaaqudgha.
  2542 | D:3      | Killed from afar by an orc wizard

Skill      XL: |  1  2  3  4 |
---------------+-------------+-----
Poison Magic   | 1 2 3 |  3.0
Spellcasting   | 2 3 |  3.0
Maces & Flails | |  3.7
Throwing       | |  1.0
Armour         | |  1.0
Hexes          | |  2.0
Evocations     | |  1.0

Action                   |  1- 3 |  4- 6 || total
-------------------------+-------+-------++-------
Melee: Mace              |    53 |    25 ||    78
 Cast: Sting             |    51 |    32 ||    83
       Spider Form       |     1 |       ||     1
Invok: Bend Time         |       |     1 ||     1
  Eat: Chunk             |     3 |     6 ||     9
       Ration            |       |     1 ||     1
Armor: Robe              |    21 |    22 ||    43
Dodge: Dodged            |    63 |     7 ||    70
